 Dungeon Sprint DCSS version 0.31.0-12-g77e489cdc1 (webtiles) character file.

Game seed: 8865657658947271386

44 Heoruswealwe the Poker (level 3, -5/36 HPs)
             Began as a Minotaur Fighter on Feb 23, 2024.
             Slain by an ogre
             ... wielding a +0 giant club
              (17 damage)
             ... in the Dungeon (Sprint IX: "|||||||||||||||||||||||||||||").
             The game lasted 00:00:30 (42 turns).

Heoruswealwe the Poker (Minotaur Fighter)             Turns: 42, Time: 00:00:31

Health: -5/36      AC:  7    Str: 22    XL:     3   Next: 41%
Magic:  2/2        EV:  9    Int:  5    God:
Gold:   0          SH:  4    Dex:  9    Spells: 2/2 levels left

rFire   . . .        a - +0 trident
rCold   . . .        d - +0 buckler
rNeg    . . .        c - +0 scale mail
rPois   .            (helmet restricted)
rElec   .            (no cloak)
rCorr   .            (no gloves)
SInv    .            (no boots)
Will    .....        (no amulet) Stlth
                     (no ring)
HPRegen 0.26/turn    (no ring)
MPRegen 0.08/turn

%: no teleportation
@: no status effects
A: horns 2, retaliatory headbutt
a: no special abilities


You were in the Dungeon.
You visited 1 branch

Inventory:

Hand Weapons
 a - a +0 trident (weapon)
Armour
 c - a +0 scale mail (worn)
 d - a +0 buckler (worn)
Scrolls
 j - a scroll of blinking
Potions
 b - a potion of might
 g - a potion of haste
 h - 2 potions of magic
 i - a potion of berserk rage


   Skills:
 + Level 5.4 Fighting
 * Level 6.2 Polearms
 + Level 5.4 Armour
 - Level 3.6 Shields


You had 2 spell levels left.
You didn't know any spells.
Your spell library was empty.

Dungeon Overview and Level Annotations

Branches:
Dungeon (1/1)

Altars:


Innate Abilities, Weirdness & Mutations

You have a pair of horns on your head.
You reflexively headbutt those who attack you in melee.


Message History

You block the slug dart.
You puncture the dart slug!
You kill the dart slug!
The hound bites you.
You barely miss the hound. You block the hound's attack.
You hit the hound. You headbutt the hound.
The hound is moderately wounded.
The hound closely misses you. The hound barely misses you.
You hit the hound.
The hound is moderately wounded.
You block the hound's attack. x2
You puncture the hound!
The hound is almost dead.
The hound bites you.
You barely miss the hound.
The hound is almost dead.
The hound closely misses you. The hound bites you.
You puncture the hound!
You kill the hound!
Your Fighting skill increases to level 5!
Your Polearms skill gained 2 levels and is now at level 6!
Your Armour skill increases to level 5!
You have reached level 3!
Your experience leads to an increase in your attributes!
Increase (S)trength, (I)ntelligence, or (D)exterity?
You feel stronger. x2
You completely miss the ogre.
The ogre hits you with a +0 giant club!!
Ouch! That really hurt!
* * * LOW HITPOINT WARNING * * *
You feel much better. The ogre hits you with a +0 giant club!
You puncture the ogre! You headbutt the ogre.
The ogre is moderately wounded.
You completely miss the ogre.
The ogre is moderately wounded.
The ogre hits you with a +0 giant club!!
Ouch! That really hurt!
* * * LOW HITPOINT WARNING * * *
You feel better. The ogre hits you with a +0 giant club!
You die...

▓+▓
▓.▓
▓.▓
▓.▓
▓r▓
▓O▓
▓@▓
▓.▓
▓.▓
▓†▓
▓)▓
▓.▓
▓'▓
▓.▓
▓.▓


You could see an ogre and a quokka.

Vanquished Creatures
  A hound (D)
  2 dart slugs (D)
  A ribbon worm (D)
  A goblin (D)
  A hobgoblin (D)
  A kobold (D)
  A rat (D)
8 creatures vanquished.

Notes
Turn   | Place    | Note
-------+----------+-------------------------------------------
     0 | D        | Heoruswealwe the Minotaur Fighter began the quest for the
                  | Orb.
     0 | D        | Reached XP level 1. HP: 19/19 MP: 0/0
     6 | D        | Reached skill level 3 in Polearms
    12 | D        | Reached skill level 4 in Polearms
    20 | D        | Noticed an ogre
    20 | D        | Noticed a hound
    30 | D        | Reached XP level 2. HP: 28/28 MP: 1/1
    38 | D        | Reached skill level 5 in Fighting
    38 | D        | Reached skill level 6 in Polearms
    38 | D        | Reached skill level 5 in Armour
    38 | D        | Reached XP level 3. HP: 32/36 MP: 2/2
    41 | D        | HP: 1/36 [ogre/+0 giant club (22)]
    42 | D        | Slain by an ogre

Illustrated notes

Levels and vault maps discovered:
D:        linesprint [early_d, line_temple, items_1, d_10, items_2, lair_1,
          lair_end, items_3, orc_1, orc_end, items_4, d_15, swamp_1, shoals_1,
          snake_1, spider_1, d_20, vaults_1, items_5, swamp_end, shoals_end,
          snake_end, spider_end, vaults_end, d_27, items_6, zot_1, zot_end,
          crypt_end, forest_end, elf_end, slime_end, tomb_end, abyss_end,
          pan_hell_end]

Skill      XL: |  1  2 |
---------------+-------+-----
Polearms       | 4 6 |  6.2
Fighting       | 4 5 |  5.4
Armour         | 4 5 |  5.4
Shields        | |  3.6

Action                     || total
---------------------------++-------
  Melee: Trident           ||    24
         Headbutt          ||     4
    Use: Potion            ||     2
 Armour: Scale mail        ||    15
  Dodge: Dodged            ||    10
  Block: Buckler           ||     4
